Map: Pillars of Gold LE

Players

ShoWTimE - Winner!

  • Race: Protoss Protoss
  • Spawn Location: 7:00

TYTY (TY)

  • Race: Terran Terran
  • Spawn Location: 1:00

Event: TSL 6

VOD

Have the link to the VOD?

Description

Time

  • Played on: Dec. 12, 2020, 11:10 a.m.
  • Length: 18:39

All games in this series

Show
View Real Time Build Order
Export as new Build Order

ShoWTimE Protoss - Winner!

Build Orders: Phoenix Opening 

Get SALT Encoding   

  12  0:00  Probe  
  13  0:12  Probe  
  14  0:19  Pylon  
  14  0:24  Probe  
  15  0:37  Probe (Chrono Boost)  
  15  0:40  Gateway  
  16  0:47  Probe (Chrono Boost)  
  16  0:48  Assimilator  
  17  0:52  Probe (Chrono Boost)  
  18  1:04  Probe  
  19  1:16  Probe  
  20  1:28  Probe, Cybernetics Core  
  21  1:51  Nexus  
  21  1:58  Pylon  
  21  2:02  Probe  
  21  2:07  Assimilator  
  22  2:14  Probe  
  23  2:21  Stargate  
  23  2:27  Probe  
  23  2:29  Adept (Chrono Boost)  
  26  2:39  Warp Gate, Probe  
  27  2:50  Adept (Chrono Boost)  
  27  2:51  Probe  
  28  2:56  Shield Battery  
  30  3:03  Probe  
  31  3:06  Phoenix (Chrono Boost)  
  31  3:11  Probe  
  33  3:16  Probe  
  33  3:19  Adept  
  36  3:24  Probe  
  37  3:29  Phoenix (Chrono Boost)  
  37  3:33  Probe  
  40  3:36  Probe  
  41  3:42  Shield Battery  
  41  3:46  Phoenix (Chrono Boost)  
  43  3:52  Probe  
  43  3:53  Probe  
  45  4:00  Pylon  
  45  4:04  Probe  
  45  4:07  Probe  
  44  4:16  Phoenix, Probe  
  46  4:19  Probe  
  47  4:28  Probe  
  48  4:31  Robotics Facility, Probe  
  48  4:36  Assimilator  
  49  4:41  Assimilator, Pylon  
  49  4:42  Probe (Chrono Boost)  
  49  4:43  Probe (Chrono Boost)  
  52  4:55  Probe (Chrono Boost)  
  52  4:58  Probe (Chrono Boost)  
  53  5:00  Probe (Chrono Boost)  
  53  5:03  Gateway  
  53  5:04  Probe  
  55  5:09  Pylon  
  55  5:10  Probe  
  55  5:11  Phoenix  
  58  5:16  Probe  
  58  5:19  Observer  
  60  5:22  Probe  
  60  5:24  Robotics Bay  
  60  5:28  Probe  
  60  5:34  Probe  
  58  5:44  Nexus  
  58  5:46  Probe  
  58  5:47  Probe  
  60  5:57  Pylon  
  60  5:58  Probe  
  60  5:59  Probe  
  60  6:01  Phoenix  
  64  6:10  Probe  
  64  6:11  Probe  
  66  6:12  Colossus (Chrono Boost)  
  66  6:18  Sentry  
  74  6:22  Probe  
  74  6:23  Pylon  
  74  6:25  Probe  
  76  6:29  Extended Thermal Lance, Observer  
  76  6:34  Probe  
  76  6:37  Probe  
  78  6:45  Forge  
  78  6:47  Probe  
  79  6:49  Probe  
  80  6:55  Colossus (Chrono Boost)  
  80  6:59  Twilight Council, Probe (Chrono Boost)  
  86  7:02  Probe x2 (Chrono Boost)  
  86  7:04  Sentry  
  91  7:10  Sentry, Probe (Chrono Boost)  
  91  7:11  Probe x2 (Chrono Boost)  
  91  7:15  Probe (Chrono Boost)  
  95  7:16  Probe x2 (Chrono Boost)  
  95  7:19  Protoss Ground Weapons Level 1 (Chrono Boost)  
  96  7:25  Pylon, Probe  
  96  7:28  Probe x2  
  96  7:29  Assimilator  
  99  7:31  Pylon  
  99  7:33  Assimilator  
  99  7:35  Pylon  
  99  7:37  Probe  
  99  7:40  Probe  
  99  7:43  Probe  
  102  7:49  Pylon, Probe  
  103  7:52  Probe  
  103  7:56  Gateway  
  104  7:59  Gateway, Colossus (Chrono Boost)  
  104  8:00  Gateway  
  104  8:05  Adept x2  
  114  8:06  Charge (Chrono Boost)  
  114  8:09  Probe  
  114  8:11  Pylon  
  115  8:19  Templar Archives  
  115  8:25  Gateway  
  115  8:26  Gateway  
  115  8:29  Shield Battery, Gateway  
  115  8:34  Zealot x2  
  115  8:37  Photon Cannon  
  115  8:40  Photon Cannon  
  119  8:45  Pylon  
  119  8:49  Nexus  
  119  8:50  Immortal (Chrono Boost)  
  119  8:55  Zealot x3  
  129  8:58  High Templar x2  
  133  9:03  Archon  
  131  9:11  Probe x3  
  131  9:14  Shield Battery  
  134  9:17  Pylon  
  134  9:18  Forge  
  134  9:21  High Templar x5  
  134  9:23  Probe  
  145  9:25  Protoss Ground Armor Level 1 (Chrono Boost)  
  145  9:26  High Templar  
  145  9:27  Archon x2, Pylon  
  147  9:35  Photon Cannon  
  147  9:36  Pylon  
  147  9:38  Zealot x2  
  149  9:40  Archon  
  151  9:47  Immortal (Chrono Boost)  
  151  9:48  Pylon  
  155  9:54  Blink  
  155  9:56  Zealot  
  155  9:57  Zealot x3  
  163  10:06  Zealot x4  
  171  10:09  Pylon  
  171  10:11  Protoss Ground Weapons Level 2 (Chrono Boost)  
  171  10:18  High Templar  
  171  10:19  Zealot x2, High Templar  
  177  10:22  Warp Prism  
  177  10:23  Archon  
  177  10:27  Probe  
  177  10:28  Probe x3  
  183  10:32  Assimilator  
  183  10:34  Assimilator  
  183  10:35  High Templar x2  
  185  10:36  Stalker  
  185  10:38  Zealot  
  185  10:40  Archon  
  189  10:50  Zealot x2  
  189  10:51  Zealot x2  
  195  11:01  Observer  
  194  11:04  Nexus  
  194  11:05  Pylon  
  194  11:13  Protoss Ground Armor Level 2 (Chrono Boost)  
  186  11:23  Stalker  
  186  11:24  Stalker x5  
  182  11:28  Zealot x2  
  182  11:32  Disruptor (Chrono Boost)  
  180  11:33  Dark Shrine  
  180  11:38  Probe, Robotics Facility  
  180  11:39  Probe x3  
  185  12:03  Zealot x7  
  199  12:14  Robotics Facility  
  199  12:17  Pylon, Photon Cannon  
  199  12:19  Photon Cannon  
  199  12:20  Photon Cannon  
  199  12:22  Photon Cannon  
  199  12:24  Shield Battery  
  199  12:25  Shield Battery  
  199  12:28  Pylon  
  193  12:31  Zealot x3  
  193  12:35  Shadow Stride (Chrono Boost)  
  174  12:38  Disruptor (Chrono Boost)  
  174  12:39  Disruptor (Chrono Boost)  
  173  12:45  Protoss Ground Weapons Level 3 (Chrono Boost)  
  173  12:49  High Templar x4  
  173  12:50  Zealot  
  173  12:51  Zealot x3  
  185  12:56  Archon x2  
  189  12:59  Gateway x2  
  189  13:09  Disruptor (Chrono Boost)  
  198  13:14  Disruptor (Chrono Boost)  
  198  13:15  Disruptor (Chrono Boost)  
  196  13:20  Nexus  
  196  13:21  Pylon  
  188  13:36  Observer  
  188  13:38  Dark Templar x7  
  198  13:46  Protoss Ground Armor Level 3 (Chrono Boost)  
  198  13:51  Zealot  
  198  14:00  Probe  
  197  14:03  Stalker  
  193  14:13  Disruptor (Chrono Boost)  
  181  14:18  Dark Templar x3  
  181  14:19  Zealot x6  
  181  14:20  Disruptor (Chrono Boost)  
  181  14:23  Disruptor (Chrono Boost)  
  195  14:27  Zealot  
  196  14:32  Observer  
  196  14:34  Nexus  
  190  14:44  Assimilator  
  184  14:45  Probe x2  
  184  14:46  Disruptor  
  189  14:55  Dark Templar  
  189  14:56  Zealot, Dark Templar x3  
  199  15:00  Assimilator  
  199  15:04  Assimilator  
  185  15:08  Disruptor  
  158  15:21  Disruptor  
  147  15:29  Zealot x9  
  147  15:30  Zealot  
  165  15:43  Protoss Shields Level 1 (Chrono Boost)  
  165  15:45  Probe x2  
  165  15:46  Probe x2  
  165  15:47  Probe  
  160  15:50  Zealot x3, Dark Templar x3  
  160  15:51  Zealot x4  
  160  15:54  Assimilator  
  160  15:56  Assimilator  
  180  16:04  Probe x3  
  182  16:06  Probe  
  182  16:11  Stalker x7  
  184  16:15  Pylon  
  184  16:18  Pylon  
  194  16:20  Disruptor  
  194  16:21  Disruptor  
  184  16:34  Stalker x2  
  184  16:35  Zealot x7  
  196  16:54  Pylon  
  194  16:57  Photon Cannon  
  194  16:59  Dark Templar x4  
  194  17:00  Photon Cannon  
  200  17:03  Disruptor (Chrono Boost)  
  188  17:08  Zealot x4  
  188  17:09  Zealot x2  
  188  17:13  Disruptor (Chrono Boost)  
  168  17:32  Zealot x10  
  184  17:41  Probe x2  
  186  17:53  Photon Cannon  
  186  17:54  Dark Templar x6  
  198  18:05  Photon Cannon  
  198  18:17  Nexus  
  189  18:22  Stalker x4  
Show
View Real Time Build Order
Export as new Build Order

TYTY Terran 

Build Orders: Hellion Opening 

Get SALT Encoding   

  12  0:00  SCV  
  13  0:12  SCV  
  14  0:18  Supply Depot  
  14  0:24  SCV  
  15  0:30  Refinery  
  15  0:40  SCV  
  16  0:46  Barracks  
  16  0:52  SCV  
  17  1:04  SCV  
  17  1:10  Engineering Bay  
  18  1:16  SCV  
  19  1:28  SCV  
  20  1:34  Factory  
  20  1:41  Orbital Command  
  20  1:51  Barracks Reactor  
  20  1:54  Supply Depot  
  20  2:07  SCV  
  21  2:19  SCV  
  22  2:30  Starport  
  22  2:31  SCV  
  22  2:33  Hellion  
  22  2:34  Hellion  
  27  2:47  Supply Depot  
  27  2:55  Hellion x2  
  31  3:03  Command Center  
  31  3:09  Medivac  
  33  3:16  Hellion  
  33  3:19  Hellion  
  37  3:24  Supply Depot  
  37  3:28  SCV  
  37  3:31  Refinery  
  38  3:40  SCV  
  39  3:50  Marine x2  
  39  3:54  SCV  
  42  3:57  Factory Tech Lab  
  40  4:06  SCV  
  39  4:10  Marine x2  
  35  4:17  Viking  
  35  4:18  SCV  
  35  4:20  SCV  
  35  4:22  Widow Mine  
  39  4:31  SCV, Marine x2  
  41  4:34  Orbital Command  
  42  4:43  SCV  
  41  4:55  Widow Mine, SCV  
  41  4:56  Widow Mine  
  46  5:01  Stimpack, Marine  
  46  5:02  SCV  
  48  5:07  SCV  
  48  5:09  Command Center  
  48  5:14  Supply Depot, SCV  
  49  5:18  Widow Mine x2  
  49  5:19  SCV  
  49  5:21  Marine  
  56  5:26  SCV  
  57  5:31  SCV  
  58  5:38  Marine  
  58  5:39  Widow Mine x2, SCV  
  62  5:45  Supply Depot  
  62  5:47  Barracks  
  62  5:48  Barracks, Starport Tech Lab  
  62  5:49  SCV  
  63  5:51  SCV  
  63  5:56  Marine  
  65  5:58  Engineering Bay  
  65  6:01  SCV  
  65  6:03  SCV  
  67  6:08  Raven  
  67  6:10  Refinery  
  67  6:11  Supply Depot  
  69  6:13  SCV  
  69  6:15  SCV  
  69  6:17  Marine  
  72  6:22  Orbital Command  
  72  6:25  SCV  
  73  6:28  Missile Turret, Terran Infantry Weapons Level 1  
  73  6:30  SCV  
  74  6:37  SCV  
  74  6:39  Barracks  
  69  6:40  Barracks  
  69  6:42  SCV  
  69  6:44  Factory Tech Lab  
  69  6:47  Marine  
  70  6:48  Orbital Command  
  70  6:49  SCV  
  70  6:53  Refinery  
  71  6:54  SCV  
  71  6:58  Marine x2  
  71  6:59  Starport Reactor  
  71  7:01  SCV, Marine  
  75  7:04  Marine  
  75  7:05  Missile Turret  
  75  7:07  Siege Tank  
  80  7:09  SCV  
  80  7:14  SCV x2  
  83  7:15  Missile Turret  
  83  7:16  Marine x2  
  83  7:17  Combat Shield  
  83  7:18  Marine  
  84  7:25  Marine  
  84  7:26  SCV x2  
  84  7:29  Supply Depot x2  
  87  7:30  Barracks Reactor  
  87  7:31  Barracks Tech Lab  
  87  7:34  Marine  
  87  7:35  Viking x2  
  91  7:37  Marine x2  
  91  7:38  SCV x2  
  91  7:41  Siege Tank  
  97  7:46  Marine  
  97  7:50  SCV x2  
  100  7:51  Marine  
  100  7:53  Marine  
  100  7:55  Marine  
  102  7:59  Orbital Command  
  102  8:02  SCV x2  
  99  8:06  Marauder x2  
  99  8:09  Marine  
  99  8:11  Marauder  
  105  8:14  Viking  
  105  8:19  Siege Tank  
  112  8:37  Marauder  
  112  8:40  Supply Depot  
  114  8:41  Supply Depot  
  114  8:42  Medivac  
  114  8:44  Medivac  
  116  8:49  Missile Turret  
  116  8:51  Supply Depot x2  
  116  8:55  SCV  
  116  8:58  Concussive Shells  
  116  9:01  Siege Tank, SCV x2  
  116  9:02  Marauder, Marine x2  
  125  9:05  Marine x2  
  125  9:07  Marine  
  125  9:08  SCV  
  129  9:12  Medivac  
  129  9:13  SCV  
  129  9:14  Medivac  
  135  9:18  Refinery  
  135  9:19  Terran Infantry Armor Level 1  
  135  9:20  SCV, Marine x2  
  135  9:22  Refinery, Marine x2  
  135  9:23  Marine  
  139  9:28  SCV x2  
  140  9:33  SCV  
  141  9:38  Marine  
  141  9:39  Missile Turret, Marine x3  
  141  9:40  Command Center  
  141  9:42  Viking  
  141  9:44  Armory, Viking  
  141  9:45  Engineering Bay  
  149  9:48  Supply Depot  
  149  9:49  Supply Depot  
  149  9:50  Supply Depot  
  149  9:53  SCV x3  
  152  10:09  Marauder x2, Marine  
  152  10:10  Marauder, Marine x3  
  152  10:13  Ghost Academy  
  162  10:15  Viking  
  162  10:16  Viking  
  166  10:27  SCV x2  
  166  10:28  SCV  
  169  10:30  Terran Infantry Weapons Level 2  
  169  10:31  Marine x2  
  169  10:32  Marine x2  
  173  10:36  Sensor Tower  
  173  10:45  Sensor Tower, Viking  
  173  10:49  Ghost x2  
  179  10:54  Terran Ship Weapons Level 1  
  179  10:59  Planetary Fortress  
  176  11:23  Ghost  
  176  11:24  Ghost x2, Marine x2  
  174  11:28  Medivac  
  174  11:29  SCV x3  
  178  11:40  Barracks x2  
  178  11:41  Barracks  
  178  11:43  Marine x3  
  178  11:44  SCV  
  178  11:45  SCV x2  
  184  11:47  Refinery  
  184  11:48  Refinery  
  184  11:49  Terran Infantry Armor Level 2, Supply Depot  
  184  11:51  Marine  
  184  11:52  Ghost, Marine  
  184  11:53  Viking  
  189  11:56  SCV  
  189  11:58  Viking  
  191  12:02  Marine x2  
  193  12:08  Marine  
  193  12:09  Marauder  
  193  12:10  Marine  
  193  12:11  Marauder  
  193  12:12  Supply Depot  
  199  12:19  Marine  
  188  12:38  Marauder x2  
  188  12:41  Barracks Reactor, Barracks Tech Lab, Marauder, Marine x4  
  188  12:42  Barracks Tech Lab  
  188  12:43  Medivac x2  
  190  12:47  Terran Infantry Weapons Level 3  
  190  12:58  Marine x2  
  190  12:59  Marine x2  
  190  13:00  Marauder x2  
  190  13:01  Terran Ship Weapons Level 2  
  190  13:02  Marauder  
  200  13:08  Command Center, Marine  
  200  13:09  Factory Reactor  
  200  13:15  Missile Turret  
  198  13:20  Marauder  
  198  13:21  Marauder  
  188  13:38  Medivac  
  188  13:39  Marauder x3, Marine x6  
  200  13:45  Marine x2  
  186  13:57  Marine x4  
  186  13:58  SCV x2  
  186  14:01  Marauder x3  
  189  14:02  SCV  
  189  14:03  SCV  
  189  14:04  Marauder x2  
  185  14:10  SCV x2  
  185  14:14  SCV  
  185  14:15  SCV  
  178  14:18  Medivac x2, Widow Mine x2  
  178  14:21  Ghost  
  178  14:22  Marauder x2, SCV x2  
  191  14:24  Ghost  
  191  14:27  SCV x2  
  191  14:29  Ghost  
  191  14:30  Marine x4  
  198  14:34  SCV x2  
  198  14:35  Planetary Fortress  
  188  14:39  SCV x2  
  188  14:42  Ghost  
  188  14:44  Ghost  
  188  14:45  Marine x2  
  179  14:48  Widow Mine x2, Marine  
  179  14:50  Ghost  
  187  14:53  Missile Turret  
  187  14:54  Missile Turret  
  186  15:01  Marauder x2  
  186  15:05  Missile Turret  
  189  15:11  Marine x4  
  189  15:12  Marauder  
  189  15:14  Marauder  
  194  15:19  Widow Mine x2  
  168  15:28  Medivac  
  168  15:29  Medivac  
  168  15:32  Marauder x3, Marine x6  
  168  15:33  Marine  
  168  15:34  Marine  
  185  15:41  Command Center  
  180  15:50  Marine x5  
  180  15:51  Marauder, SCV  
  180  15:52  SCV x2  
  180  15:53  Marauder  
  192  16:03  SCV  
  189  16:04  SCV  
  189  16:09  Marauder x3, Marine x3  
  193  16:13  Widow Mine x2  
  193  16:16  Medivac  
  199  16:22  Marauder  
  178  16:37  Marauder x2, Marine x4  
  178  16:39  Marine x4  
  182  16:43  Marine  
  166  16:54  Medivac  
  166  16:55  Marine  
  166  16:56  Marine x3  
  166  16:57  Marine  
  166  16:58  Marauder x2  
  166  17:01  Marauder x2, Marine x2  
  154  17:13  Marine x3  
  154  17:14  Marine  
  154  17:15  Marine  
  134  17:17  Medivac  
  134  17:18  Marine  
  134  17:19  Marine x3  
  134  17:22  Marine  
  131  17:25  Widow Mine x2  
  137  17:31  Planetary Fortress  
  137  17:37  Ghost  
  137  17:41  Marine x6  
  141  17:51  Ghost  
  141  17:53  Marauder  
  141  17:55  Marine x2  
  141  17:58  SCV  
  146  17:59  Marine x2  
  146  18:01  SCV  
  146  18:04  SCV  
Tags
 
Add a new tag
Caveats
  • Supply blocks, unpowered buildings, or Contaminate may cause inaccurate times.
  • Supply counts are checked every 10 seconds.